 Dungeon Crawl Stone Soup version 0.21.1-1-g345015fe64 (webtiles) character file.

1960 Ivernyr the Covered (level 9, 0/68 HPs)
             Began as a Demonspawn Skald on Apr 26, 2018.
             Was a Believer of Nemelex Xobeh.
             Killed by a card of wild magic (36 damage)
             ... on level 7 of the Dungeon.
             The game lasted 00:24:30 (8890 turns).

Ivernyr the Covered (Demonspawn Skald)              Turns: 8890, Time: 00:24:33

Health: 0/68       AC:  5    Str: 12    XL:     9   Next: 0%
Magic:  13/13      EV: 17    Int: 15    God:    Nemelex Xobeh [**....]
Gold:   298        SH:  4    Dex: 20    Spells: 4/12 levels left

rFire    . . .     SeeInvis .   a - +0 long sword
rCold    . . .     Gourm    .   (no shield)
rNeg     + . .     Faith    .   b - +2 robe {rN+}
rPois    .         Spirit   .   (helmet restricted)
rElec    .         Reflect  .   F - +0 cloak (curse)
rCorr    .         Harm     .   (no gloves)
MR       .....                  (no boots)
Stlth    +++.......             (no amulet)
HPRegen  0.21/turn              k - +3 ring of slaying
MPRegen  0.13/turn              (no ring)

@: agile, singing
A: horns 2, large bone plates 1, powered by death 1, powered by pain 2
a: Renounce Religion


You were on level 7 of the Dungeon.
You worshipped Nemelex Xobeh.
Nemelex Xobeh was pleased with you.
You were near starving.

You visited 2 branches of the dungeon, and saw 8 of its levels.
You also visited: Ossuary.

You collected 298 gold pieces.

Inventory:

Hand Weapons
 a - a +0 long sword (weapon)
Armour
 b - a +2 robe of positive energy (worn)
 F - a cursed +0 cloak (worn)
 G - a +0 buckler
Jewellery
 k - a +3 ring of slaying (left hand)
Wands
 K - a wand of random effects (23)
Scrolls
 e - 4 scrolls of teleportation
 h - a scroll of amnesia
 m - 3 scrolls of remove curse
 n - 2 scrolls of enchant weapon
 o - a scroll of enchant armour
 q - a scroll of fear {unknown}
 s - a scroll of blinking {unknown}
 v - a scroll of noise {unknown}
 w - a scroll of random uselessness {unknown}
 z - a scroll of fog {unknown}
 C - a scroll of brand weapon {unknown}
 I - a scroll of identify
Potions
 f - a potion of degeneration {unknown}
 g - a potion of brilliance {unknown}
 i - a potion of haste {unknown}
 j - 3 potions of mutation
 l - 4 potions of heal wounds
 p - a potion of lignification {unknown}
 t - 3 potions of berserk rage
 u - a potion of flight {unknown}
 x - 4 potions of curing {unknown}
 A - 2 potions of might {unknown}
 B - 2 potions of agility {unknown}
 D - a potion of experience {unknown}
 E - a potion of invisibility {unknown}
Books
 c - a book of Battle

   Spells                             Type                      Level
   a - Infusion                       Charms                       1
   b - Shroud of Golubria             Charms/Translocation         2
   c - Song of Slaying                Charms                       2
   d - Spectral Weapon                Hexes/Charms                 3
   e - Regeneration                   Charms/Necromancy            3
Miscellaneous
 r - a plain deck of destruction {drawn: 2}
 y - a plain deck of escape
 H - an ornate deck of destruction
 J - a plain deck of destruction
Comestibles
 d - 8 rations


   Skills:
 - Level 5.4 Fighting
 - Level 3.0 Long Blades
 * Level 6.8 Armour
 - Level 1.7 Dodging
 + Level 0.5 Shields
 - Level 2.0 Spellcasting
 + Level 5.4 Charms
 + Level 5.5 Invocations


You had 4 spell levels left.
You knew the following spells:

 Your Spells              Type           Power        Failure   Level  Hunger
a - Shroud of Golubria    Chrm/Tloc      #.........   11%         2    ###....
b - Song of Slaying       Chrm           ###.....     3%          2    ###....
c - Infusion              Chrm           ###.         2%          1    #......
d - Regeneration          Chrm/Necr      #.........   22%         3    ###....


Dungeon Overview and Level Annotations

Branches:
Dungeon (7/15)             Temple (1/1) D:4

Altars:
Dithmenos
Elyvilon
Gozag
Nemelex Xobeh
Okawaru
Vehumet
Xom
The Shining One

Annotations:
D:3 1 runed door
D:4 Tali's ghost, amateur DsBe


Innate Abilities, Weirdness & Mutations

You have a pair of horns on your head.
You are partially covered in large bone plates. (SH +4)
You regenerate a little health from kills.
You sometimes gain power by taking damage.


Message History

The orc warrior hits you with a hand axe!
You focus on the pain.
You feel agile all of a sudden.
Your shroud falls apart!
The orc warrior hits you with a hand axe!
You focus on the pain.
You feel your power returning.
You draw a card...
It is Wild Magic.
There is a sudden explosion of magical energy!
The explosion engulfs the orc warrior.
The orc warrior dies!
You have reached level 9!
Your experience leads to an increase in your attributes!
Your base attributes are Str 12, Int 15, Dex 14.
Increase (S)trength, (I)ntelligence, or (D)exterity?
You feel agile.
Your demonic ancestry asserts itself...
A wave of death washes over you. The explosion engulfs you!
Ouch! That really hurt!
You die...
Your body glows with a rainbow of weird colours and disappears.

#....#...(..'....#...
#....#......#....#...
#....#..##..#....#...
######..##..#....#...
#.......#....'...
#.......#....#...
#.......#....#...
...##############....#+##
......))@...........##
......).............#
....................#
....................#
....................#
....................#
#####################


There were no monsters in sight!

Vanquished Creatures
  2 sky beasts
  A phantom (D:6)
  An ogre (D:5)
  3 centaurs
  2 bullfrogs (D:6)
  A wyvern zombie (D:6)
  A scorpion (D:5)
  2 bullfrog zombies
  A howler monkey (D:6)
  A bullfrog skeleton (D:5)
  A centaur skeleton (D:5)
  3 hounds
  An orc priest (D:3)
  6 orc wizards
  Jessica (D:3)
  An iguana (D:5)
  3 worker ants
  A killer bee zombie (D:5)
  3 big kobold zombies (Ossuary)
  A hound skeleton (D:6)
  A mummy (Ossuary)
  A howler monkey zombie (D:7)
  4 gnolls (D:5)
  6 adders
  A shadow imp (D:7)
  An ooze (D:1)
  An adder skeleton (D:5)
  2 worms
  6 dart slugs
  3 leopard geckos
  26 orcs
  2 spectral bats (Ossuary)
  9 giant cockroaches
  9 gnoll zombies (Ossuary)
  8 goblins
  4 hobgoblins
  10 jackals
  11 kobolds
  3 quokkas
  A ball python (D:3)
  6 bats
  4 bat simulacra (Ossuary)
  5 frilled lizards
  2 goblin simulacra (Ossuary)
  6 goblin zombies (Ossuary)
  4 hobgoblin zombies (Ossuary)
  5 kobold simulacra (Ossuary)
  2 kobold zombies (Ossuary)
  4 orc zombies (Ossuary)
  A quokka skeleton (D:4)
  6 rats
  3 rat simulacra (Ossuary)
  A spectral goblin (Ossuary)
  4 spectral kobolds (Ossuary)
  3 spectral rats (Ossuary)
201 creatures vanquished.

Vanquished Creatures (others)
  An orc warrior (D:7)
  An ogre (D:5)
  2 hobgoblin zombies (Ossuary)
4 creatures vanquished.

Grand Total: 205 creatures vanquished

Notes
Turn   | Place    | Note
-------+----------+-------------------------------------------
     0 | D:1      | Ivernyr the Demonspawn Skald began the quest for the Orb.
     0 | D:1      | Reached XP level 1. HP: 16/16 MP: 3/3
    15 | D:1      | Reached skill level 1 in Armour
   171 | D:1      | Gained mutation: You have a pair of small horns on your head. [demonic ancestry]
   171 | D:1      | Reached XP level 2. HP: 12/22 MP: 5/5
   584 | D:1      | Learned a level 2 spell: Song of Slaying
   587 | D:1      | Learned a level 2 spell: Shroud of Golubria
   858 | D:1      | Gained mutation: You have a pair of horns on your head. [demonic ancestry]
   858 | D:1      | Reached XP level 3. HP: 23/28 MP: 6/6
  1202 | D:1      | Reached skill level 2 in Armour
  2078 | D:2      | Reached XP level 4. HP: 34/34 MP: 4/7
  2118 | D:2      | Found an iron altar of Okawaru.
  2539 | D:3      | Noticed Jessica
  2667 | D:3      | Killed Jessica
  2794 | D:3      | Gained mutation: You sometimes gain a little power by taking damage. [demonic ancestry]
  2794 | D:3      | Reached XP level 5. HP: 35/40 MP: 8/8
  2952 | D:3      | Reached skill level 3 in Armour
  3291 | D:3      | Found a glowing golden altar of the Shining One.
  3296 | D:3      | Found a runed door.
  3296 | D:3      | Noticed an angel
  4086 | D:4      | Gained mutation: You are partially covered in large bone plates. (SH +4) [demonic ancestry]
  4086 | D:4      | Reached XP level 6. HP: 31/47 MP: 5/9
  4340 | D:4      | Found a staircase to the Ecumenical Temple.
  4347 | Temple   | Entered the Ecumenical Temple
  4365 | Temple   | Became a worshipper of Nemelex Xobeh the Trickster
  4520 | D:4      | Noticed Tali's ghost (amateur DsBe)
  4629 | D:4      | Received a gift from Nemelex Xobeh
  4756 | D:5      | Entered Level 5 of the Dungeon
  4789 | D:5      | Reached skill level 1 in Invocations
  4845 | D:5      | Reached skill level 4 in Armour
  4972 | D:5      | Reached XP level 7. HP: 35/53 MP: 1/10
  5212 | D:5      | Found an opulent altar of Gozag.
  5323 | D:5      | Reached * piety under Nemelex Xobeh
  5339 | D:5      | Reached skill level 5 in Armour
  6122 | D:6      | Received a gift from Nemelex Xobeh
  6160 | D:6      | Gained mutation: You sometimes gain power by taking damage. [demonic ancestry]
  6160 | D:6      | Reached XP level 8. HP: 30/61 MP: 8/11
  6419 | D:6      | Found a sand-covered staircase.
  6454 | Ossuary  | Entered an ossuary
  7217 | D:6      | Reached skill level 6 in Armour
  7217 | D:6      | Reached skill level 5 in Charms
  7226 | D:6      | Reached skill level 5 in Fighting
  7841 | D:7      | Reached skill level 5 in Invocations
  7953 | D:7      | Reached ** piety under Nemelex Xobeh
  7953 | D:7      | Received a gift from Nemelex Xobeh
  8677 | D:7      | Learned a level 3 spell: Regeneration
  8724 | D:7      | Received a gift from Nemelex Xobeh
  8890 | D:7      | Gained mutation: You regenerate a little health from kills. [demonic ancestry]
  8890 | D:7      | Reached XP level 9. HP: 36/68 MP: 13/13
  8890 | D:7      | Killed by a card of wild magic

Skill      XL: |  1  2  3  4  5  6  7  8 |
---------------+-------------------------+-----
Armour         | 1 2 3 4 5 6 |  6.8
Long Blades    | 2 3 |  3.0
Charms         | 3 4 5 |  5.4
Fighting       | 3 4 5 |  5.4
Invocations    | 2 3 5 |  5.5
Dodging        | |  1.7
Shields        | |  0.5
Spellcasting   | |  2.0

Action                   |  1- 3 |  4- 6 |  7- 9 || total
-------------------------+-------+-------+-------++-------
Melee: Falchion          |   115 |   150 |       ||   265
       Headbutt          |    16 |    28 |    50 ||    94
       Long sword        |       |    30 |   273 ||   303
 Cast: Shroud of Golubri |     2 |    12 |    18 ||    32
       Song of Slaying   |       |     5 |     9 ||    14
Evoke: Deck              |       |       |     1 ||     1
  Use: Scroll            |       |       |    11 ||    11
 Stab: Sleeping          |       |     2 |     2 ||     4
  Eat: Chunk             |     4 |    10 |     7 ||    21
       Ration            |       |       |     2 ||     2
Armor: Leather armour    |    17 |     4 |       ||    21
       Robe              |       |    37 |    57 ||    94
Dodge: Dodged            |    71 |   116 |   158 ||   345
Block: Other             |       |    12 |    50 ||    62
       Rpst.: Falchion   |    21 |    24 |       ||    45
       Long sword        |       |    10 |    45 ||    55
